 Dungeon Crawl Stone Soup version 0.30-a0-578-gdee14c521f (webtiles) character file.

Game seed: 7075167405026560785

3293 Newt the Cudgeller (level 9, -8/62 HPs)
             Began as a Demonspawn Gladiator on Dec 31, 2022.
             Was a Priest of Hepliaklqana.
             Mangled by a troll (11 damage)
             ... on level 8 of the Dungeon.
             The game lasted 00:11:17 (9731 turns).

Newt the Cudgeller (Demonspawn Gladiator)           Turns: 9731, Time: 00:11:18

Health: -8/62      AC:  6    Str: 17 (19) XL:     9   Next: 69%
Magic:  13/13      EV: 13    Int: 12 (13) God:    Hepliaklqana [***...]
Gold:   470        SH: 12    Dex: 13      Spells: 12/14 levels left

rFire   + . .      SeeInvis .    I - +8 short sword of the Poles {freeze, rPois}
rCold   . . .      Faith    .    J - +3 buckler of Disappointment {+Inv rElec rF+ Dex-2}
rNeg    . . .      Spirit   .    b - +1 leather armour
rPois   +          Reflect  .    c - +0 helmet
rElec   +          Harm     .    (no cloak)
rCorr   +          Rampage  .    p - +0 pair of gloves of Happy Babbling {Int+4}
Will    .....                    (no boots)
Stlth   ++                       (no amulet)
HPRegen 0.30/turn                k - ring of resist corrosion
MPRegen 0.26/turn                v - +4 ring of slaying

@: wereblooded, studying Shields
A: reduced essence, large bone plates 1, powered by pain 2, magic regeneration
a: Renounce Religion, Evoke Invisibility, Recall Ancestor, Ancestor Identity,
Transference


You were on level 8 of the Dungeon.
You worshipped Hepliaklqana.
Hepliaklqana was most pleased with you.
You visited 2 branches of the dungeon, and saw 9 of its levels.

You collected 494 gold pieces.
You spent 24 gold pieces at shops.

Inventory:

Hand Weapons
 a - a +1 rapier
 r - a +1 dagger of draining
 C - a +1 whip of venom
 G - a +3 flail of protection
 I - the +8 short sword of the Poles (weapon) {freeze, rPois}
   (You found it on level 5 of the Dungeon)

   It freezes those it strikes, dealing additional cold damage.
   It can also slow down cold-blooded creatures.
   rPois:     It protects you from poison.
 K - a +3 whip of pain
Missiles
 e - a javelin
 h - 12 poisoned darts
Armour
 b - a +1 leather armour (worn)
 c - a +0 helmet (worn)
 m - a +3 leather armour of poison resistance
 p - the +0 pair of gloves of Happy Babbling (worn) {Int+4}
   (You found it on level 2 of the Dungeon)

   Int:       It affects your intelligence (+4).
 F - the +1 Delatra's gloves {ID++}
   (You found it on level 4 of the Dungeon)

   It heals its wearer when they drink unknown potions.
   It restores its wearer's MP when they read unknown scrolls.
 J - the +3 buckler of Disappointment (worn) {+Inv rElec rF+ Dex-2}
   (You found it on level 7 of the Dungeon)

   Dex:       It affects your dexterity (-2).
   rF:        It protects you from fire.
   rElec:     It insulates you from electricity.
   +Inv:      It lets you turn invisible.
Jewellery
 k - a ring of resist corrosion (left hand)
 u - a ring of positive energy
 v - a +4 ring of slaying (right hand)
Wands
 d - a wand of mindburst (14)
 s - a wand of charming (2)
 w - a wand of polymorph (25)
 y - a wand of roots (5)
 z - a wand of flame (13)
 D - a wand of light (9)
Scrolls
 j - 2 scrolls of noise
 q - 2 scrolls of magic mapping
 t - 2 scrolls of vulnerability
 B - a scroll of fog
 E - 2 scrolls of teleportation
 H - a scroll of blinking
 L - a scroll of identify
 M - a scroll of amnesia {unknown}
Potions
 f - 2 potions of heal wounds
 g - 4 potions of flight
 i - a potion of cancellation
 l - 2 potions of degeneration
 n - a potion of might
 o - a potion of magic
 x - a potion of curing
 A - 3 potions of lignification


   Skills:
 - Level 6.0 Fighting
 - Level 4.0 Short Blades
 - Level 6.0 Maces & Flails
 - Level 1.7 Throwing
 - Level 3.0 Armour
 + Level 4.7 Dodging
 - Level 2.0 Stealth
 - Level 6.0 Shields
 - Level 3.0 Spellcasting
 - Level 3.0 Transmutations
 - Level 3.0 Invocations
 - Level 3.0 Evocations


You had 12 spell levels left.
You knew the following spells:

 Your Spells              Type           Power      Damage    Failure   Level
a - Wereblood             Tmut           9%         N/A       16%         2

Your spell library contained the following spells:

 Spells                   Type           Power      Damage    Failure   Level
 Freeze                   Ice            4%         1d3       36%         1
 Sublimation of Blood     Necr           1%         N/A       50%         2
 Frozen Ramparts          Ice            2%         1d1       73%         3
 Hailstorm                Conj/Ice       1%         3d3       73%         3
 Summon Hydra             Summ           0%         N/A       100%        7


Dungeon Overview and Level Annotations

Branches:
Dungeon (8/15)             Temple (1/1) D:4            Lair (0/5) D:8

Altars:
Ashenzari
Cheibriados
Dithmenos
Fedhas
Gozag
Hepliaklqana
Makhleb
Nemelex Xobeh
Qazlal
Ru
Sif Muna
Trog
Uskayaw
Vehumet
Wu Jian

Shops:
D:2 [(=?


Innate Abilities, Weirdness & Mutations

Your life essence is reduced to manifest your ancestor. (-10% HP)
You are partially covered in large bone plates. (SH +4)
You sometimes gain power by taking damage.
You regenerate magic rapidly.


Message History

Matia hits the wolf with a +0 quarterstaff!!
The wolf bites you.
You hit the water moccasin. You freeze the water moccasin.
The water moccasin is lightly wounded.
The wolf bites Matia but does no damage.
The water moccasin barely misses you.
Matia misses the wolf.
You block the wolf's attack.
The wolf barely misses Matia.
You block the water moccasin's attack.
You puncture the water moccasin!
The water moccasin seems to slow down.
You freeze the water moccasin.
The water moccasin is severely wounded.
The wolf misses you.
The wolf closely misses Matia.
Matia points at the wolf and mumbles some strange words.
The puff of frost hits the wolf.
The wolf dies!
You block the wolf's attack.
You feel your dexterity returning.
You puncture the water moccasin! You freeze the water moccasin.
You feel a bit better.
You kill the water moccasin!
The wolf bites you.
Matia gestures at the troll while chanting.
The puff of frost hits the troll.
You hit the wolf. You freeze the wolf.
The wolf is severely wounded.
You block the wolf's attack.
The troll bites Matia.
Matia is destroyed!
You completely miss the wolf.
The wolf is severely wounded.
The wolf bites you. You block the yak's attack. The wolf bites you.
The wolf attacks as you move away! You block the wolf's attack.
You howl as the wereblood boils in your veins!
The troll bites you!
* * * LOW HITPOINT WARNING * * *
The troll claws you.
* * * LOW HITPOINT WARNING * * *
You block the troll's attack. The wolf bites you!
* * * LOW HITPOINT WARNING * * *
The troll attacks as you move away! The troll bites you!
You die...

≈≈≈..~..# .~≈≈....#
~≈~O~~~..
...>..≈~≈~...# .
≈..YY~~≈≈h~.?##. ..
~≈~hh.Y≈≈~Y.... ...
~≈≈≈h≈≈≈≈...†###....
≈≈≈≈≈≈≈~~~~ThY....<.
~≈≈≈≈≈≈~$.~.@.##..#.
≈~≈≈≈≈~.†.....#
.~≈≈≈≈≈.......#
###########.#.######.
#..<.......
###########


You could see a two-headed ogre, 3 yaks, a troll, a wolf and a hound.

Vanquished Creatures
  A wyvern (D:6)
  Eustachio (D:4)
  Edmund (D:5)
  An acid dragon (D:4)
  5 water moccasins
  An ogre (D:6)
  A sky beast (D:3)
  Blork the orc (D:4)
  A bullfrog (D:7)
  2 scorpions
  A gnoll sergeant (D:6)
  2 electric eels (D:8)
  2 hounds
  3 orc priests
  2 jellies
  2 gnoll boudas (D:5)
  4 orc wizards
  2 iguanas
  Terence (D:2)
  Natasha (thrice) (D:3)
  Ijyb (D:3)
  15 adders
  16 gnolls
  A shadow imp (D:6)
  A white imp (D:5)
  3 dart slugs
  18 orcs
  5 ball pythons
  7 endoplasms
  3 giant cockroaches
  7 goblins
  7 jackals
  2 quokkas
  A bat (D:3)
  2 frilled lizards (D:1)
  6 kobolds
  A rat (D:2)
133 creatures vanquished.

Vanquished Creatures (collateral kills)
  Sigmund (D:3)
  An orc warrior (D:6)
  2 wolves (D:8)
  A phantom (D:5)
  A scorpion (D:5)
  2 electric eels (D:8)
  A hound (D:6)
  An orc priest (D:5)
  A gnoll bouda (D:7)
  An orc wizard (D:6)
  4 gnolls
  An ufetubus (D:7)
  6 orcs (D:6)
23 creatures vanquished.

Vanquished Creatures (others)
  2 battlemagi (D:8)
  An ancestor (D:5)
3 creatures vanquished.

Grand Total: 159 creatures vanquished

Notes
Turn   | Place    | Note
-------+----------+-------------------------------------------
     0 | D:1      | Newt the Demonspawn Gladiator began the quest for the Orb.
     0 | D:1      | Reached XP level 1. HP: 16/16 MP: 1/1
   131 | D:1      | Reached skill level 1 in Stealth
   357 | D:1      | You fall into a shaft and drop 1 floor!
   365 | D:2      | Found Mytu's Weapon Shoppe.
   465 | D:2      | Found Vikhixe's Magic Scroll Emporium.
   481 | D:2      | Bought a scroll of identify for 24 gold pieces
   534 | D:2      | Gained mutation: You are partially covered in large bone
                  | plates. (SH +4) [demonic ancestry]
   534 | D:2      | Reached XP level 2. HP: 21/22 MP: 2/2
   625 | D:2      | Identified the +0 pair of gloves of Happy Babbling {Int+4}
  1196 | D:2      | Noticed Terence
  1202 | D:2      | Killed Terence
  1203 | D:2      | Reached XP level 3. HP: 29/29 MP: 3/3
  1557 | D:2      | Found Ethrala's Antique Armour Shop.
  1663 | D:2      | Found Lingump's Jewellery Boutique.
  1766 | D:3      | Noticed Natasha
  1780 | D:3      | Killed Natasha
  1781 | D:3      | Reached XP level 4. HP: 19/37 MP: 4/4
  2457 | D:3      | Noticed Sigmund
  2468 | D:3      | Reached XP level 5. HP: 42/42 MP: 5/5
  2555 | D:3      | Killed Sigmund
  2556 | D:3      | Reached skill level 1 in Evocations
  2556 | D:3      | Gained mutation: You regenerate magic rapidly. [demonic
                  | ancestry]
  2556 | D:3      | Reached XP level 6. HP: 46/48 MP: 6/6
  2806 | D:3      | Noticed Ijyb
  2818 | D:3      | Killed Ijyb
  2864 | D:3      | Noticed Natasha
  2875 | D:3      | Killed Natasha
  3089 | D:3      | Noticed Natasha
  3097 | D:3      | Killed Natasha
  3646 | D:4      | Reached skill level 1 in Transmutations
  3660 | D:4      | Noticed Eustachio
  3661 | D:4      | Noticed a sky beast
  3686 | D:3      | Killed a sky beast
  3687 | D:3      | Reached XP level 7. HP: 38/54 MP: 7/7
  3843 | D:3      | Learned a level 2 spell: Wereblood
  3867 | D:4      | Killed Eustachio
  3868 | D:4      | Reached skill level 1 in Spellcasting
  4074 | D:4      | Reached skill level 1 in Armour
  4636 | D:4      | Found a staircase to the Ecumenical Temple.
  4685 | Temple   | Entered the Ecumenical Temple
  4914 | Temple   | Became a worshipper of Hepliaklqana the Forgotten
  4999 | D:4      | Noticed Blork the orc
  5008 | D:4      | Killed Blork the orc
  5009 | D:4      | Gained mutation: You sometimes gain a little power by
                  | taking damage. [demonic ancestry]
  5009 | D:4      | Reached XP level 8. HP: 58/60 MP: 12/12
  5307 | D:4      | Found the +1 Delatra's gloves {ID++}
  5528 | D:5      | Entered Level 5 of the Dungeon
  5602 | D:5      | Reached skill level 1 in Maces & Flails
  5874 | D:5      | Reached * piety under Hepliaklqana
  6002 | D:5      | Identified the +8 short sword of the Poles {freeze, rPois}
  6056 | D:5      | Noticed Edmund
  6072 | D:5      | Killed Edmund
  6554 | D:5      | Reached skill level 5 in Maces & Flails
  6636 | D:5      | HP: 1/54 [orc priest/divine providence (14)]
  6658 | D:5      | HP: 2/54 [gnoll bouda/+0 club (4)]
  7551 | D:5      | Found a shadowy altar of Dithmenos.
  7551 | D:5      | Found a bloodstained altar of Trog.
  7554 | D:5      | Reached skill level 1 in Shields
  7610 | D:6      | Reached skill level 1 in Invocations
  7645 | D:6      | Gained mutation: You sometimes gain power by taking damage.
                  | [demonic ancestry]
  7645 | D:6      | Reached XP level 9. HP: 58/58 MP: 13/13
  7717 | D:6      | Reached ** piety under Hepliaklqana
  7718 | D:6      | Remembered your ancestor Matia as a battlemage
  7728 | D:6      | Found a broken altar of Ashenzari.
  8001 | D:6      | Reached skill level 5 in Fighting
  8208 | D:6      | Found a shimmering blue altar of Sif Muna.
  8865 | D:7      | Identified the +3 buckler of Disappointment {+Inv rElec rF+
                  | Dex-2}
  9372 | D:7      | Reached *** piety under Hepliaklqana
  9650 | D:8      | Found a staircase to the Lair.
  9654 | D:8      | Noticed a two-headed ogre
  9657 | D:8      | Noticed a troll
  9659 | D:8      | Reached skill level 5 in Shields
  9730 | D:8      | HP: 3/62 [wolf (7)]
  9731 | D:8      | Mangled by a troll

Illustrated notes

Levels and vault maps discovered:
D:1:      pf_arrival_petrified_forest, layout_loops_ring, corner_web_ring,
          st_stairs_5
D:2:      layout_loops_ring, serial_shops, nicolae_shop_hallway_stairs,
          nicolae_shop_bloodbath_and_beyond, nicolae_shop_window_shopping,
          shop_fountains, kennysheep_generic_room_13, uniq_terence
D:3:      layout_basic, nicolae_elevator_lobby_plus, uniq_natasha, uniq_ijyb,
          uniq_sigmund
D:4:      layout_cave_pods, minmay_temple_entry_grid, minmay_manual_mail,
          uniq_eustachio, uniq_blork_the_orc
D:5:      layout_loops_corners, gammafunk_temple_overflow_pools,
          grunt_decor_clamped, chequers_serial_rivers_micro_c,
          grunt_ministairs_10, uniq_edmund
D:6:      layout_cave_pods, kennysheep_mini, mainiacjoe_overflow_tiny_flanked,
          dreamdust_wishing_well
D:7:      layout_gridville
D:8:      layout_basic, hellmonk_okawaru_the_only_friend_you_need,
          nicolae_overflow_hidden_temple, erik_lair_island, uniq_prince_ribbit1,
          uniq_gastronok
Temple:   nicolae_temple_figure_eight

Skill      XL: |  1  2  3  4  5  6  7  8  9 |
---------------+----------------------------+-----
Stealth        | 1 2 |  2.0
Fighting       | 3 4 6 |  6.0
Short Blades   | 3 4 |  4.0
Dodging        | 4 |  4.7
Evocations     | 1 3 |  3.0
Transmutations | 2 3 |  3.0
Spellcasting   | 3 |  3.0
Armour         | 2 3 |  3.0
Maces & Flails | 6 |  6.0
Shields        | 1 6 |  6.0
Invocations    | 2 3 |  3.0
Throwing       | |  1.7

Action                   |  1- 3 |  4- 6 |  7- 9 || total
-------------------------+-------+-------+-------++-------
Melee: Rapier            |    35 |       |       ||    35
       Dagger            |    21 |   109 |    67 ||   197
       Punch             |       |     2 |     2 ||     4
       Whip              |       |       |   154 ||   154
       Unarmed           |       |       |     4 ||     4
       Short sword       |       |       |    90 ||    90
Throw: Throwing net      |       |     2 |     3 ||     5
       Javelin           |       |       |     2 ||     2
 Cast: Wereblood         |       |       |    12 ||    12
Invok: Ancestor Life: Ba |       |       |     1 ||     1
Evoke: Wand              |       |       |     3 ||     3
  Use: Scroll            |     6 |     2 |     8 ||    16
       Potion            |     2 |     1 |     5 ||     8
 Stab: Sleeping          |     2 |       |     3 ||     5
       Distracted        |       |       |     1 ||     1
Armor: Leather armour    |    14 |    33 |   101 ||   148
       Skin              |     2 |       |       ||     2
Dodge: Dodged            |    14 |    71 |   207 ||   292
Block: Other             |     3 |    16 |    71 ||    90
       Buckler           |       |       |    28 ||    28

Table legend: (Time is in decaauts)
 A = Elapsed time spent in this place.
 B = Non-inter-level travel time spent in this place.
 C = Inter-level travel time spent in this place.
 D = Time resting spent in this place.
 E = Time spent auto-exploring this place.
 F = Levels seen in this place.
 G = Mean time per level.
                   A        B        C        D        E       F      G
               +--------+--------+--------+--------+--------+-----+--------+
         Total |   9682 |   9385 |    297 |   3075 |   5155 |   9 | 1075.8 |
       Dungeon |   9431 |   9184 |    247 |   3075 |   4956 |   8 | 1178.9 |
        Temple |    250 |    200 |     50 |      0 |    199 |   1 |  250.0 |
               +--------+--------+--------+--------+--------+-----+--------+

Top non-repeatable levels by time:
     D:4: 1936 daAuts
     D:5: 1623 daAuts
     D:2: 1439 daAuts
     D:3: 1420 daAuts
     D:6: 1088 daAuts
     D:7: 940 daAuts
     D:1: 903 daAuts
  Temple: 250 daAuts
     D:8: 80 daAuts
